 Dungeon Sprint DCSS version 0.24.0-123-gd5b16e6ec5 (webtiles) character file.

Game seed: 14520630346165365322, levelgen mode: deterministic

25659 McKennaii the Impaler (level 13, 0/91 HPs)
             Began as a Gargoyle Gladiator on Jan 25, 2020.
             Was the Champion of Cheibriados.
             Hit by a silver javelin thrown by a merfolk javelineer (6 damage)
             ... in the Dungeon (Sprint IX: "|||||||||||||||||||||||||||||").
             The game lasted 00:13:27 (2955 turns).

McKennaii the Impaler (Gargoyle Gladiator)          Turns: 2955, Time: 00:13:28

Health: 0/91       AC: 40    Str: 37    XL:     13   Next: 21%
Magic:  23/23      EV: 16    Int: 25    God:    Cheibriados [******]
Gold:   1208       SH:  0    Dex: 26    Spells: 12/12 levels left

rFire    + . .     SeeInvis .   o - +2 halberd (protect)
rCold    + . .     Gourm    .   (shield currently unavailable)
rNeg     + . .     Faith    .   p - +1 plate armour {rF+}
rPois    ∞         Spirit   .   c - +0 helmet
rElec    +         Reflect  .   G - +1 cloak
rCorr    .         Harm     .   z - +0 pair of gloves
MR       +....     NoTele   +   y - +0 pair of boots
Stlth    ..........             (no amulet)
HPRegen  0.25/turn              D - ring of protection from cold
MPRegen  0.18/turn              E - ring of protection from magic

@: protection aura, very slow
A: negative energy resistance 1, electricity resistance, unbreathing,
petrification resistance, rot immunity, AC +9
a: Bend Time, Temporal Distortion, Slouch, Step From Time, Renounce Religion


You were in the Dungeon.
You worshipped Cheibriados.
Cheibriados was exalted by your worship.
You were not hungry.

You visited 1 branch You collected 1464 gold pieces.
You spent 256 gold pieces at shops.

Inventory:

Hand Weapons
 a - a +0 triple crossbow
 o - a +2 halberd of protection (weapon)
 t - the +9 hand crossbow of Jiano {penet, rPois rF+ MR+++ Str+4}
   (You found it in the Dungeon)

   Ammo fired by it will pass through the targets it hits, potentially hitting
   all targets in its path until it reaches maximum range.
   It affects your strength (+4).
   It protects you from fire.
   It protects you from poison.
   It affects your resistance to hostile enchantments.
 A - a +4 halberd
 C - a +1 demon trident of flaming
Missiles
 d - 3 throwing nets (quivered)
Armour
 c - a +0 helmet (worn)
 p - a +1 plate armour of fire resistance (worn)
 y - a +0 pair of boots (worn)
 z - a +0 pair of gloves (worn)
 G - a +1 cloak (worn)
Jewellery
 D - a ring of protection from cold (left hand)
 E - a ring of protection from magic (right hand)
 F - an uncursed ring of protection from magic
Wands
 n - a wand of iceblast (10)
Scrolls
 k - 2 scrolls of blinking
 l - 3 scrolls of remove curse
 m - 2 scrolls of amnesia
 u - 2 scrolls of identify
 v - 4 scrolls of enchant armour
 w - 2 scrolls of fog
 x - 6 scrolls of enchant weapon
Potions
 b - a potion of resistance
 e - 8 potions of curing
 g - 6 potions of heal wounds
 h - a potion of haste
 i - 4 potions of magic
 j - a potion of invisibility
 s - a potion of mutation
Comestibles
 f - 13 rations


   Skills:
 + Level 14.9 Fighting
 * Level 20.6 Polearms
 - Level 1.7 Throwing
 + Level 12.0 Armour
 + Level 8.3 Dodging
 + Level 6.9 Stealth
 * Level 14.1 Invocations


You had 12 spell levels left.
You didn't know any spells.
Your spell library was empty.

Dungeon Overview and Level Annotations

Branches:
Dungeon (1/1)

Altars:
Cheibriados
Dithmenos
Elyvilon
Fedhas
Gozag
Hepliaklqana
Kikubaaqudgha
Makhleb
Nemelex Xobeh
Okawaru
Qazlal
Ru
Sif Muna
Trog
Uskayaw
Vehumet
Wu Jian
Xom
Yredelemnul
Zin
The Shining One
Beogh
Jiyva
Lugonu

Shops:
D [%[[


Innate Abilities, Weirdness & Mutations

You are resistant to torment.
Your stone body is resilient. (AC +9)
You are immune to poison.
You resist negative energy. (rN+)
You are resistant to electric shocks. (rElec)
You can survive without breathing.
You are immune to petrification.
You are immune to rotting.


Message History

You kill the water nymph!
Cheibriados thoroughly appreciates the change of pace.
Your Armour skill increases to level 12!
The merfolk javelineer hits you but does no damage.
Unknown command.
The merfolk impaler hits you but does no damage.
The merfolk javelineer throws a silver javelin.
The silver javelin pierces through you!!
The merfolk impaler closely misses you.
The merfolk javelineer throws a silver javelin.
The silver javelin pierces through you but does no damage.
The merfolk impaler hits you but does no damage.
You see here a water nymph corpse.
You skewer the merfolk javelineer like a kebab!!!
The merfolk javelineer is heavily wounded.
The merfolk impaler hits you but does no damage.
The merfolk javelineer throws a silver javelin.
The silver javelin pierces through you!!
* * * LOW HITPOINT WARNING * * *
You die...

.............))))))........)[))))
▓▓▓▓▓▓▓▓▓▓▓▓▓▓▓▓▓▓▓▓▓▓▓▓▓▓▓▓▓▓▓▓▓
.................................
.▓▓▓▓▓▓▓▓▓▓▓▓▓▓▓▓▓▓▓▓▓▓▓▓▓▓▓▓▓▓▓▓
.........'..=..))).)))).[.[.[[[[.
▓▓▓▓▓▓▓▓▓▓▓▓▓▓▓▓▓▓▓▓▓▓▓▓▓▓▓▓▓▓▓▓▓
...................).............
.▓▓▓▓▓▓▓▓▓▓▓▓▓▓▓▓▓▓▓▓▓▓▓▓▓▓▓▓▓▓▓▓
..........(....'@mmtcHm.
▓▓▓▓▓▓▓▓▓▓▓▓▓▓▓▓▓▓▓▓▓▓▓▓


You could see a merfolk impaler, a merfolk javelineer, a snapping turtle, a
merfolk, a harpy and a centaur.

Vanquished Creatures
  Frances (D)
  A stone giant (D)
  A vampire knight (D)
  Azrael (D)
  An ettin (D)
  A great orb of eyes (D)
  A two-headed ogre (D)
  2 catoblepae (D)
  A centaur warrior (D)
  An ogre mage (D)
  A merfolk avatar (D)
  A deep troll shaman (D)
  Urug (D)
  A tengu warrior (D)
  A glowing orange brain (D)
  7 deep trolls (D)
  A manticore (D)
  8 elephants (D)
  A water nymph (D)
  3 spiny frogs (D)
  2 tengu conjurers (D)
  4 trolls (D)
  A slime creature (D)
  A yak (D)
  Grum (D)
  4 fire elementals (D)
  2 basilisks (D)
  A vampire mosquito (D)
  4 water moccasins (D)
  A hell hound (D)
  An ice beast (D)
  A porcupine (D)
  11 orc warriors (D)
  A sky beast (D)
  An ogre (D)
  An eye of draining (D)
  3 wolves (D)
  4 crocodiles (D)
  4 bullfrogs (D)
  A scorpion (D)
  3 crimson imps (D)
  4 orc priests (D)
  A hound (D)
  5 orc wizards (D)
  A worker ant (D)
  6 orcs (D)
  A bat (D)
  A bat skeleton (D)
  A bat zombie (D)
  2 giant cockroaches (D)
  A hobgoblin (D)
  A quokka (D)
  A giant cockroach zombie (D)
  A leopard gecko zombie (D)
  A quokka zombie (D)
  A rat (D)
116 creatures vanquished.

Notes
Turn   | Place    | Note
-------+----------+-------------------------------------------
     0 | D        | McKennaii the Gargoyle Gladiator began the quest for the
                  | Orb.
     0 | D        | Reached XP level 1. HP: 12/12 MP: 1/1
     5 | D        | Reached skill level 3 in Polearms
    52 | D        | Noticed a sky beast
    52 | D        | Noticed a crimson imp
    52 | D        | Noticed a crimson imp
    52 | D        | Noticed a worker ant
    69 | D        | Killed a crimson imp
    69 | D        | Reached skill level 5 in Polearms
    69 | D        | Reached XP level 2. HP: 12/19 MP: 2/2
    69 | D        | Reached XP level 3. HP: 15/23 MP: 3/3
    77 | D        | Killed a sky beast
    77 | D        | Reached skill level 7 in Polearms
    77 | D        | Reached skill level 1 in Armour
    77 | D        | Reached XP level 4. HP: 20/29 MP: 4/4
    77 | D        | Reached XP level 5. HP: 22/33 MP: 5/5
    82 | D        | Reached skill level 8 in Polearms
    86 | D        | Reached skill level 5 in Dodging
   235 | D        | Found a roughly hewn altar of Beogh.
   235 | D        | Found a snail-covered altar of Cheibriados.
   235 | D        | Found a shadowy altar of Dithmenos.
   235 | D        | Found a white marble altar of Elyvilon.
   235 | D        | Found a blossoming altar of Fedhas.
   235 | D        | Found an opulent altar of Gozag.
   236 | D        | Found a hazy altar of Hepliaklqana.
   237 | D        | Found a viscous altar of Jiyva.
   238 | D        | Found an ancient bone altar of Kikubaaqudgha.
   239 | D        | Became a worshipper of Cheibriados the Contemplative
   240 | D        | Found a corrupted altar of Lugonu.
   241 | D        | Found a burning altar of Makhleb.
   242 | D        | Found a sparkling altar of Nemelex Xobeh.
   243 | D        | Found an iron altar of Okawaru.
   244 | D        | Found a stormy altar of Qazlal.
   245 | D        | Found a sacrificial altar of Ru.
   246 | D        | Found a shimmering blue altar of Sif Muna.
   247 | D        | Found a bloodstained altar of Trog.
   248 | D        | Found a hide-covered altar of Uskayaw.
   249 | D        | Found a radiant altar of Vehumet.
   250 | D        | Found an ornate altar of the Wu Jian Council.
   251 | D        | Found a shimmering altar of Xom.
   252 | D        | Found a basalt altar of Yredelemnul.
   253 | D        | Found a glowing silver altar of Zin.
   254 | D        | Found a glowing golden altar of the Shining One.
   328 | D        | Noticed a yak
   328 | D        | Noticed an ogre
   328 | D        | Noticed an ice beast
   335 | D        | Reached skill level 9 in Polearms
   341 | D        | Killed a yak
   341 | D        | Reached * piety under Cheibriados
   341 | D        | Reached skill level 10 in Polearms
   341 | D        | Reached skill level 1 in Stealth
   341 | D        | Reached XP level 6. HP: 35/40 MP: 6/6
   344 | D        | Reached skill level 5 in Fighting
   349 | D        | Reached ** piety under Cheibriados
   350 | D        | Reached skill level 11 in Polearms
   350 | D        | Reached XP level 7. HP: 38/44 MP: 7/7
   390 | D        | Noticed a two-headed ogre
   390 | D        | Noticed a tengu conjurer
   396 | D        | Reached *** piety under Cheibriados
   416 | D        | Killed a two-headed ogre
   416 | D        | Reached skill level 13 in Polearms
   416 | D        | Reached XP level 8. HP: 9/51 MP: 7/10
   434 | D        | Killed a tengu conjurer
   435 | D        | Reached **** piety under Cheibriados
   675 | D        | Got the +9 hand crossbow of Jiano {penet, rPois rF+ MR+++
                  | Str+4}
   688 | D        | Noticed a spiny frog
   694 | D        | Reached skill level 5 in Armour
   696 | D        | Reached XP level 9. HP: 56/56 MP: 12/12
   697 | D        | Reached ***** piety under Cheibriados
   697 | D        | Reached skill level 14 in Polearms
   698 | D        | Noticed a catoblepas
   702 | D        | Reached skill level 5 in Invocations
   713 | D        | Killed a spiny frog
   739 | D        | Killed a catoblepas
   739 | D        | Reached skill level 15 in Polearms
   887 | D        | Noticed a spiny frog
   887 | D        | Noticed a spiny frog
   896 | D        | Killed a spiny frog
   896 | D        | Reached XP level 10. HP: 60/64 MP: 13/15
   900 | D        | Killed a spiny frog
   900 | D        | Reached ****** piety under Cheibriados
   913 | D        | Reached skill level 5 in Stealth
   918 | D        | Reached skill level 16 in Polearms
   935 | D        | Noticed an elephant
   935 | D        | Noticed an elephant
   935 | D        | Noticed an elephant
   935 | D        | Noticed an elephant
   935 | D        | Noticed an elephant
   935 | D        | Noticed an elephant
   944 | D        | Killed an elephant
   947 | D        | Noticed an elephant
   951 | D        | Killed an elephant
   958 | D        | Killed an elephant
   964 | D        | Killed an elephant
   968 | D        | Killed an elephant
   972 | D        | Killed an elephant
   972 | D        | Reached skill level 17 in Polearms
   976 | D        | Killed an elephant
   976 | D        | Reached XP level 11. HP: 56/71 MP: 17/17
  1255 | D        | Reached skill level 10 in Fighting
  1315 | D        | Found Hostoust's Antique Armour Emporium.
  1315 | D        | Noticed a deep troll
  1315 | D        | Noticed a deep troll
  1315 | D        | Noticed a deep troll
  1315 | D        | Noticed a deep troll
  1315 | D        | Noticed a deep troll
  1319 | D        | Killed a deep troll
  1319 | D        | Reached skill level 18 in Polearms
  1320 | D        | Killed a deep troll
  1320 | D        | Killed a deep troll
  1322 | D        | Killed a deep troll
  1322 | D        | Reached skill level 10 in Invocations
  1325 | D        | Killed a deep troll
  1326 | D        | Noticed an ettin
  1335 | D        | Killed an ettin
  1442 | D        | Found Qoniz's Food Shoppe.
  1446 | D        | Found Awilen Xicw's Antique Armour Emporium.
  1448 | D        | Noticed a deep troll
  1449 | D        | Found Wuot's Antique Armour Shoppe.
  1449 | D        | Noticed a stone giant
  1452 | D        | Killed a deep troll
  1464 | D        | Killed a stone giant
  1464 | D        | Reached skill level 19 in Polearms
  1464 | D        | Reached XP level 12. HP: 35/81 MP: 20/20
  1759 | D        | Bought a garnet-encrusted chain mail for 256 gold pieces
  1770 | D        | Identified the +7 chain mail of Ciczy {rElec rC+++ Str-5
                  | Slay-6} (You bought it in a shop in the Dungeon)
  1826 | D        | Noticed Grum
  1838 | D        | Killed Grum
  1847 | D        | Noticed Urug
  1856 | D        | Killed Urug
  2000 | D        | Noticed a catoblepas
  2000 | D        | Noticed a centaur warrior
  2000 | D        | Noticed an ogre mage
  2007 | D        | Killed a catoblepas
  2007 | D        | Reached skill level 10 in Armour
  2011 | D        | Killed an ogre mage
  2014 | D        | Killed a centaur warrior
  2034 | D        | Noticed a tengu warrior
  2035 | D        | Noticed a vampire knight
  2043 | D        | Noticed a great orb of eyes
  2044 | D        | Killed a tengu warrior
  2044 | D        | Paralysed by a vampire knight for 5 turns
  2054 | D        | Killed a great orb of eyes
  2072 | D        | Reached skill level 20 in Polearms
  2084 | D        | Killed a vampire knight
  2301 | D        | Noticed a deep troll shaman
  2307 | D        | Killed a deep troll shaman
  2354 | D        | Noticed Azrael
  2364 | D        | Killed Azrael
  2364 | D        | Reached XP level 13. HP: 38/90 MP: 23/23
  2602 | D        | Noticed Frances
  2624 | D        | Killed Frances
  2926 | D        | Noticed a merfolk javelineer
  2926 | D        | Noticed a merfolk impaler
  2955 | D        | Hit by a silver javelin thrown by a merfolk javelineer

Levels and vault maps discovered:
D:        linesprint [early_d, line_temple, items_1, d_10, items_2, lair_1,
          lair_end, items_3, orc_1, orc_end, items_4, d_15, swamp_1, shoals_1,
          snake_1, spider_1, d_20, vaults_1, items_5, swamp_end, shoals_end,
          snake_end, spider_end, vaults_end, d_27, items_6, zot_1, zot_end,
          crypt_end, forest_end, elf_end, slime_end, tomb_end, abyss_end,
          pan_hell_end]

Skill      XL: |  1  2  3  4  5  6  7  8  9 10 11 12 13 |
---------------+----------------------------------------+-----
Polearms       | 5 7 10 11 13 15 17 19 20 | 20.6
Fighting       | 3 4 5 6 7 9 12 14 | 14.9
Dodging        | 3 4 6 7 8 |  8.3
Armour         | 1 2 4 5 6 7 9 11 12 | 12.0
Stealth        | 1 2 4 6 |  6.9
Invocations    | 3 4 6 8 11 13 14 | 14.1
Throwing       | |  1.7

Action                   |  1- 3 |  4- 6 |  7- 9 | 10-12 | 13-15 || total
-------------------------+-------+-------+-------+-------+-------++-------
Melee: Trident           |    33 |     9 |       |       |       ||    42
       Halberd           |       |    22 |    94 |   287 |    60 ||   463
Invok: Slouch            |       |       |       |     4 |       ||     4
  Use: Potion            |     1 |       |     1 |     4 |       ||     6
 Stab: Petrified         |       |       |     6 |       |       ||     6
  Eat: Chunk             |       |       |       |     2 |     1 ||     3
Armor: Leather armour    |    13 |     2 |       |       |       ||    15
       Chain mail        |       |     5 |    64 |    59 |       ||   128
       Plate armour      |       |       |       |    62 |    36 ||    98
Dodge: Dodged            |    15 |    18 |    90 |   164 |    28 ||   315
